 Dungeon Crawl Stone Soup version 0.29.1-1-gd02db6906a (webtiles) character file.

Game seed: 11559753017242553343

14394 whatisthis the Cleaver (level 12, -3/110 HPs)
             Began as a Hill Orc Fighter on Oct 15, 2022.
             Was a Believer of Makhleb.
             Slain by a two-headed ogre
             ... wielding a +0 giant club
              (19 damage)
             ... on level 12 of the Dungeon.
             The game lasted 02:03:04 (19427 turns).

whatisthis the Cleaver (Hill Orc Fighter)          Turns: 19427, Time: 02:03:05

Health: -3/110     AC: 19    Str: 24    XL:     12   Next: 16%
Magic:  18/18      EV:  7    Int:  8    God:    Makhleb [**....]
Gold:   793        SH:  6    Dex: 10    Spells: 11/11 levels left

rFire   . . .      SeeInvis .   a - +0 war axe
rCold   . . .      Faith    .   c - +0 buckler
rNeg    . . .      Spirit   .   J - +0 plate armour
rPois   .          Reflect  .   n - +0 helmet
rElec   .          Harm     .   (no cloak)
rCorr   .          Rampage  .   (no gloves)
Will    .....                   j - +2 pair of boots
Stlth   ..........              (no amulet)
HPRegen 0.28/turn               s - +4 ring of slaying
MPRegen 0.16/turn               S - ring of flight

@: flying
A: no striking features
a: Renounce Religion, Minor Destruction


You were on level 12 of the Dungeon.
You worshipped Makhleb.
Makhleb was pleased with you.
You visited 2 branches of the dungeon, and saw 14 of its levels.
You also visited: Ossuary.

You collected 793 gold pieces.

Inventory:

Hand Weapons
 a - a +0 war axe (weapon)
 D - a +2 vorpal hand axe
 Q - a +0 battleaxe
Missiles
 i - 130 stones
 I - 9 javelins (quivered)
Armour
 c - a +0 buckler (worn)
 j - a +2 pair of boots (worn)
 n - a +0 helmet (worn)
 t - a +0 chain mail
 J - a +0 plate armour (worn)
Jewellery
 s - a +4 ring of slaying (left hand)
 w - a ring of protection from cold
 N - a +6 ring of intelligence
 S - a ring of flight (right hand)
Wands
 v - a wand of iceblast (2)
 x - a wand of polymorph (9)
 B - a wand of mindburst (3)
 E - a wand of charming (4)
 F - a wand of flame (1)
Scrolls
 b - 2 scrolls of poison
 g - 5 scrolls of fear
 k - 5 scrolls of amnesia
 l - a scroll of fog
 m - 4 scrolls of vulnerability
 o - 8 scrolls of immolation
 u - 3 scrolls of teleportation
 y - a scroll of enchant weapon {unknown}
 H - a scroll of brand weapon {unknown}
 K - a scroll of blinking
 L - a scroll of summoning
 M - a scroll of torment {unknown}
 O - a scroll of acquirement {unknown}
 P - a scroll of silence {unknown}
Potions
 d - 2 potions of haste
 e - 2 potions of curing
 f - 3 potions of flight
 h - 5 potions of lignification
 p - 3 potions of ambrosia
 q - 6 potions of attraction
 r - 4 potions of mutation
 z - a potion of invisibility
 A - 3 potions of cancellation {unknown}
 C - 3 potions of brilliance
 G - 3 potions of magic


   Skills:
 + Level 11.5 Fighting
 + Level 12.1 Axes
 + Level 10.5 Armour
 + Level 10.5 Shields
 + Level 9.1 Invocations


You had 11 spell levels left.
You didn't know any spells.
Your spell library contained the following spells:

 Spells                   Type           Power      Damage    Failure   Level
 Shock                    Conj/Air       0%         1d3       99%         1
 Gell's Gravitas          Tloc           0%         N/A       100%        3
 Lesser Beckoning         Tloc           0%         N/A       100%        3
 Swiftness                Air            0%         N/A       100%        3
 Teleport Other           Tloc           0%         N/A       100%        3
 Airstrike                Air            0%         2d(0-16)  100%        4
 Leda's Liquefaction      Hex/Erth       0%         N/A       100%        4
 Lee's Rapid Deconstruct  Erth           0%         3d5*      100%        5
 Statue Form              Tmut/Erth      0%         N/A       100%        6


Dungeon Overview and Level Annotations

Branches:
Dungeon (13/15)            Temple (1/1) D:6            Lair (0/5) D:9
    Orc (0/2) D:11        Ossuary (visited)
 Vaults: D:13-14

Altars:
Ashenzari
Dithmenos
Elyvilon
Fedhas
Hepliaklqana
Makhleb
Nemelex Xobeh
Qazlal
Ru
Sif Muna
Trog
Uskayaw
Xom
The Shining One

Shops:
D:4 !   D:7 :   D:11 (   D:12 *

Portals:
Trove: D:11 (give 13 potions of heal wounds)

Annotations:
D:8 Psyche
D:10 exclusion: ice statue


Message History

The two-headed ogre is lightly wounded.
The two-headed ogre hits you with a +0 giant club!!
The two-headed ogre hits you but does no damage.
You fly upwards.
There is a stone staircase leading down here.
You slash the two-headed ogre!
The two-headed ogre is moderately wounded.
The two-headed ogre barely misses you.
The two-headed ogre hits you with a +0 giant club.
You slash the two-headed ogre!
The two-headed ogre is moderately wounded.
The two-headed ogre hits you with a +0 giant club!
The two-headed ogre barely misses you.
You hit the two-headed ogre.
The two-headed ogre is moderately wounded.
You barely miss the two-headed ogre.
The two-headed ogre is moderately wounded.
The two-headed ogre hits you with a +0 giant club! x2
* * * LOW HITPOINT WARNING * * *
You slash the two-headed ogre!
The two-headed ogre is heavily wounded.
Aiming: Polymorph
Press: ? - help, Shift-Dir - straight line, f - two-headed ogre
Aim: a two-headed ogre, wielding two +0 giant clubs (heavily wounded, will become a sea snake, an orb spider, or a water nymph, chance to affect: 31%)
Okay, then.
Unknown command.
Unknown command.
The two-headed ogre closely misses you. You block the two-headed ogre's attack.
The two-headed ogre attacks as you move away!
The two-headed ogre hits you with a +0 giant club.
* * * LOW HITPOINT WARNING * * *
The two-headed ogre hits you with a +0 giant club!
* * * LOW HITPOINT WARNING * * *
There is a stone staircase leading up here.
You fly upwards.
There is a stone staircase leading down here.
A balrug is nearby!
You fly downwards.
The two-headed ogre barely misses you.
The two-headed ogre hits you with a +0 giant club!!
You die...

.##.# ##..)....#..## #...
..))#### ##..>........#
####
###.##.####..[[....)#).#
##.#[..<))))......##..#
#..)....##..).....##..#
#..........>..........#
#.......##........###.#
####...###....O.#.# #.#
##.## ##..##@#.# #.# #.#
#.###.#.# #.# #.# #.# #.#.#
#.###
#.#####.###.#.###.#.##
#.............##...#.##
#######...........###.#####
#...........## ##....#
##.##.....#.#.###.###.#
#...........#..#.####.#


You could see a two-headed ogre.

Vanquished Creatures
  A hydra (D:11)
  4 two-headed ogres
  3 cyclopes
  4 gargoyles (D:12)
  2 komodo dragons
  A kobold demonologist (D:9)
  A troll (D:11)
  Prince Ribbit (D:6)
  A hornet (D:10)
  2 shadows (D:11)
  A wraith (D:10)
  2 basilisks (D:9)
  3 wyverns
  12 yaks (D:10)
  2 steam dragons
  Edmund (D:6)
  A water moccasin (D:6)
  Menkaure (D:7)
  10 orc warriors
  4 black bears
  An ice beast (D:8)
  4 ogres
  2 centaurs
  A phantom (D:4)
  3 bullfrogs
  A gnoll sergeant (D:7)
  2 scorpions
  3 necrophages
  4 wights (D:9)
  2 howler monkeys (D:10)
  A hound (D:5)
  13 orc priests
  A jelly (D:7)
  Terence (D:2)
  4 iguanas
  11 orc wizards
  Natasha (thrice) (D:3)
  13 mummies (Ossuary)
  Robin (D:3)
  16 gnolls
  9 adders
  A white imp (D:7)
  A worm (D:2)
  2 dart slugs
  47 orcs
  12 ball pythons
  4 bats
  5 endoplasms
  3 giant cockroaches
  19 goblins
  8 hobgoblins
  2 jackals (D:1)
  5 quokkas
  4 frilled lizards
  2 gnoll skeletons (Ossuary)
  2 goblin skeletons (Ossuary)
  2 goblin zombies (D:6)
  11 kobolds
  A kobold skeleton (Ossuary)
  3 orc skeletons (Ossuary)
  5 rats
  11 rat skeletons (Ossuary)
303 creatures vanquished.

Vanquished Creatures (others)
  An orc wizard (D:4)
  6 fungi (D:2)
  6 plants (D:2)
13 creatures vanquished.

Grand Total: 316 creatures vanquished

Notes
Turn   | Place    | Note
-------+----------+-------------------------------------------
     0 | D:1      | whatisthis the Hill Orc Fighter began the quest for the
                  | Orb.
     0 | D:1      | Reached XP level 1. HP: 19/19 MP: 1/1
   233 | D:1      | Reached XP level 2. HP: 27/27 MP: 2/2
   269 | D:1      | Reached skill level 3 in Axes
   404 | D:1      | Reached XP level 3. HP: 33/33 MP: 3/3
   966 | D:2      | Found a faded altar of an unknown god.
   972 | D:2      | Noticed Terence
   992 | D:2      | Killed Terence
   993 | D:2      | Reached XP level 4. HP: 41/41 MP: 4/4
  1175 | D:2      | Identified the +4 rapier of Rotten Valiance {vamp, Fly}
  2333 | D:3      | Noticed Natasha
  2342 | D:3      | Killed Natasha
  2343 | D:3      | Reached skill level 4 in Axes
  2343 | D:3      | Reached XP level 5. HP: 27/47 MP: 5/5
  2351 | D:3      | Noticed Robin
  2364 | D:3      | Killed Robin
  2415 | D:3      | Noticed Natasha
  2424 | D:3      | Killed Natasha
  2435 | D:3      | Noticed Natasha
  2446 | D:3      | Killed Natasha
  2874 | D:4      | Noticed a black bear
  2981 | D:3      | Reached skill level 5 in Fighting
  2981 | D:3      | Reached XP level 6. HP: 35/56 MP: 6/6
  3126 | D:4      | Killed a black bear
  3127 | D:4      | Reached skill level 5 in Axes
  3271 | D:3      | Reached skill level 5 in Armour
  3271 | D:3      | Reached skill level 5 in Shields
  3271 | D:3      | Reached XP level 7. HP: 53/61 MP: 7/7
  3801 | D:4      | Found Ketz's Distillery.
  4255 | D:5      | Entered Level 5 of the Dungeon
  4307 | D:4      | Reached skill level 6 in Axes
  4482 | D:5      | Found a sparkling altar of Nemelex Xobeh.
  4482 | D:5      | Found a broken altar of Ashenzari.
  4573 | D:5      | Reached XP level 8. HP: 50/71 MP: 8/8
  4873 | D:5      | Identified the +5 quarterstaff of the Endless Expanse
                  | {flame, rF+ Int+3}
  4905 | D:5      | Found a bloodstained altar of Trog.
  5292 | D:6      | Found a sand-covered staircase.
  5312 | Ossuary  | Entered an ossuary
  5715 | Ossuary  | Reached skill level 7 in Axes
  5892 | D:6      | Found a stormy altar of Qazlal.
  6315 | D:6      | Noticed Prince Ribbit
  6323 | D:6      | Killed Prince Ribbit
  6413 | D:6      | Reached XP level 9. HP: 66/79 MP: 9/9
  6442 | D:6      | Reached skill level 8 in Axes
  6740 | D:6      | Found a staircase to the Ecumenical Temple.
  6747 | Temple   | Entered the Ecumenical Temple
  6769 | Temple   | Became a worshipper of Makhleb the Destroyer
  6800 | D:6      | HP: 2/81 [ogre/+0 giant spiked club (22)]
  7177 | D:6      | Noticed Edmund
  7200 | D:6      | Killed Edmund
  7201 | D:6      | Reached skill level 1 in Invocations
  7421 | D:4      | Found a shimmering blue altar of Sif Muna.
  7663 | D:7      | Noticed Menkaure
  7872 | D:7      | Found Foti's Book Shop.
  7950 | D:7      | Killed Menkaure
  8812 | D:8      | Noticed Psyche
  9233 | D:8      | Found an iron altar of Okawaru.
  9235 | D:8      | Found a shimmering altar of Xom.
  9235 | D:8      | Found an ancient bone altar of Kikubaaqudgha.
  9237 | D:8      | Found a sparkling altar of Nemelex Xobeh.
  9237 | D:8      | Found a sparkling altar of Nemelex Xobeh.
  9237 | D:8      | Found a hide-covered altar of Uskayaw.
 10199 | D:8      | Reached * piety under Makhleb
 10200 | D:8      | Reached skill level 9 in Axes
 10464 | D:8      | Reached XP level 10. HP: 83/90 MP: 12/12
 11097 | D:9      | Found a staircase to the Lair.
 11632 | D:9      | Noticed a kobold demonologist
 11648 | D:9      | Killed a kobold demonologist
 11649 | D:9      | Reached skill level 5 in Invocations
 12207 | D:9      | Found a hazy altar of Hepliaklqana.
 12234 | D:10     | Entered Level 10 of the Dungeon
 12359 | D:10     | Noticed an ice statue
 12460 | D:10     | Reached skill level 10 in Axes
 12469 | D:10     | Paralysed by a hornet for 3 turns
 12477 | D:10     | Paralysed by a hornet for 1 turns
 12952 | D:10     | Reached skill level 10 in Fighting
 13041 | D:10     | Reached XP level 11. HP: 88/99 MP: 15/15
 13344 | D:10     | Found a glowing golden altar of the Shining One.
 13349 | D:10     | Found a blossoming altar of Fedhas.
 13478 | D:10     | Noticed a two-headed ogre
 13501 | D:10     | Killed a two-headed ogre
 13830 | D:11     | Noticed a cyclops
 14001 | D:11     | Reached ** piety under Makhleb
 14362 | D:11     | Noticed a two-headed ogre
 14374 | D:11     | Killed a two-headed ogre
 14375 | D:11     | Reached skill level 11 in Axes
 14983 | D:11     | Noticed a four-headed hydra
 15314 | D:11     | Found Jehuz's Weapon Boutique.
 15319 | D:11     | Found a staircase to the Orcish Mines.
 15613 | D:11     | HP: 4/101 [something (4)]
 16275 | D:12     | Noticed a cyclops
 16311 | D:12     | Noticed a two-headed ogre
 16333 | D:12     | Killed a two-headed ogre
 16451 | D:12     | Noticed a cyclops
 16466 | D:12     | Killed a cyclops
 16467 | D:12     | Reached skill level 10 in Armour
 16467 | D:12     | Reached skill level 10 in Shields
 16493 | D:12     | Noticed a boulder beetle
 16549 | D:12     | Killed a cyclops
 16829 | D:11     | Found a portal to a secret trove of treasure.
 16995 | D:11     | Found a runed translucent door.
 16997 | D:11     | Noticed a balrug
 17734 | D:12     | Noticed a two-headed ogre
 17744 | D:12     | Killed a two-headed ogre
 18198 | D:12     | Found Xeub's Serpentskin Sales.
 18321 | D:11     | HP: 4/102 [orc warrior/+0 hand axe (6)]
 18800 | D:11     | Killed a four-headed hydra
 18801 | D:11     | Reached XP level 12. HP: 110/110 MP: 18/18
 18817 | D:11     | Reached skill level 12 in Axes
 19382 | D:13     | Noticed a boulder beetle
 19403 | D:13     | Noticed a two-headed ogre
 19427 | D:12     | Slain by a two-headed ogre

Illustrated notes

Levels and vault maps discovered:
D:1:      moated_graveyard_arrival, layout_rooms
D:2:      layout_loops_corners, shapermc_ecumenical_altar_gd, serial_bayou,
          serial_bayou_shore_b, serial_bayou_lagoon_b, serial_bayou_ford_a,
          serial_bayou_crossing, minmay_shallow_snake_nest, uniq_terence
D:3:      layout_rooms, st_stairs_9, minivault_14, minmay_misc_feat_five,
          uniq_robin, uniq_natasha
D:4:      layout_cave_pools, tgw_sif, serial_shops, shop
D:5:      layout_basic, nicolae_overflow_two_pavilions,
          mainiacjoe_overflow_boulevard, kennysheep_another_room
D:6:      layout_rooms, lemuel_coloured_pillars_altar,
          minmay_temple_entry_slanted, enter_ossuary_4, kennysheep_potato,
          uniq_prince_ribbit1, uniq_edmund
D:7:      layout_rooms, serial_shops, shop, uniq_menkaure
D:8:      layout_loops_ring, doesnt_xom_only_xom, uniq_psyche
D:9:      layout_basic, marbit_many_paths, erik_lair_dragon
D:10:     layout_rooms, nicolae_overflow_squiral, st_stairs_13, minivault_16,
          kennysheep_generic_room_7
D:11:     dreamdust_dug_too_deep, layout_cave_pods, orc_david_3, enter_trove_2
D:12:     layout_loops_ring, special_room [special_room_orc],
          guppyfry_shop_venom
D:13:     cheibrodos_statue_roulette, layout_rooms, minmay_sticks_and_stones
Temple:   nicolae_temple_god_jail

Skill      XL: |  1  2  3  4  5  6  7  8  9 10 11 12 |
---------------+-------------------------------------+-----
Axes           | 3 4 5 6 7 9 10 11 12 | 12.1
Fighting       | 4 5 6 7 8 10 11 | 11.5
Shields        | 4 5 7 8 9 10 | 10.5
Armour         | 4 5 6 8 9 10 | 10.5
Invocations    | 3 6 8 9 |  9.1

Action                   |  1- 3 |  4- 6 |  7- 9 | 10-12 || total
-------------------------+-------+-------+-------+-------++-------
Melee: War axe           |   101 |   166 |   480 |   427 ||  1174
       Unarmed           |       |     2 |       |       ||     2
Throw: Stone             |       |     6 |     2 |       ||     8
       Javelin           |       |       |       |    14 ||    14
Evoke: Wand              |       |       |     7 |    25 ||    32
  Use: Potion            |     1 |     5 |     5 |     5 ||    16
       Scroll            |       |       |    12 |    14 ||    26
Armor: Scale mail        |    65 |    85 |    43 |       ||   193
       Skin              |       |     2 |       |    16 ||    18
       Chain mail        |       |       |   154 |       ||   154
       Plate armour      |       |       |    14 |   341 ||   355
Dodge: Dodged            |    68 |    90 |   150 |   126 ||   434
Block: Buckler           |    27 |    45 |    91 |   107 ||   270
